 Dungeon Crawl Stone Soup version 0.28.0-49-g6dfe1f597d (webtiles) character file.

Game seed: 15074218454783059417

91 Dreadrock the Chopper (level 4, -5/42 HPs)
             Began as a Deep Dwarf Berserker on May 12, 2022.
             Was a Believer of Trog.
             Slain by a gnoll
             ... wielding a +0 spear
              (8 damage)
             ... on level 3 of the Dungeon.
             The game lasted 00:04:26 (1641 turns).

Dreadrock the Chopper (Deep Dwarf Berserker)        Turns: 1641, Time: 00:04:26

Health: -5/42      AC:  5    Str: 23    XL:     4   Next: 33%
Magic:  2/2        EV: 11    Int:  7    God:    Trog [**....]
Gold:   62         SH:  0    Dex: 12    Spells: 3/3 levels left

rFire   . . .      SeeInvis .   a - +0 hand axe
rCold   . . .      Faith    .   (no shield)
rNeg    . . .      Spirit   .   d - +0 ring mail
rPois   .          Reflect  .   (no helmet)
rElec   .          Harm     .   (no cloak)
rCorr   .          Rampage  .   (no gloves)
Will    .....                   (no boots)
Stlth   +.........              (no amulet)
HPRegen 0.00/turn               (no ring)
MPRegen 0.08/turn               (no ring)

@: on berserk cooldown, slowed, very slow
A: damage resistance, heal wounds, sense surroundings 1, no regeneration
a: Heal Wounds, Renounce Religion, Berserk, Trog's Hand


You were on level 3 of the Dungeon.
You worshipped Trog.
Trog was pleased with you.
You visited 1 branch of the dungeon, and saw 3 of its levels.

You collected 62 gold pieces.

Inventory:

Hand Weapons
 a - a +0 hand axe (weapon)
Armour
 d - a +0 ring mail (worn)
Jewellery
 g - an amulet of magic regeneration
Scrolls
 e - a scroll of enchant armour {unknown}
 h - a scroll of teleportation {unknown}
 k - a scroll of immolation {unknown}
 l - a scroll of silence {unknown}
Potions
 b - 4 potions of curing {unknown}
 c - a potion of mutation {unknown}
 f - 2 potions of resistance {unknown}
 i - 2 potions of ambrosia {unknown}
 j - a potion of attraction {unknown}


   Skills:
 + Level 3.2 Fighting
 * Level 4.3 Axes
 + Level 2.9 Armour
 - Level 2.1 Dodging
 + Level 1.8 Shields


You had 3 spell levels left.
You didn't know any spells.
Your spell library was empty.

Dungeon Overview and Level Annotations

Branches:
Dungeon (3/15)

Altars:

Shops:
D:2 *[=[(

Portals:
Sewer: D:3


Innate Abilities, Weirdness & Mutations

You are resistant to damage.
You can heal yourself by infusing magical energy.
You passively map a small area around you.
You do not regenerate.


Message History

You are no longer berserk.
You are exhausted.
You feel yourself slow down.
You feel much better.
You fail to use your ability.
You fail to use your ability.
Your magical essence is drained by the effort!
You feel much better. 2 gnolls come into view.
The gnoll shouts! x2; You hear a shout!
You hear an angry hiss.
A gnoll comes into view. It is wielding a +0 spear.
A ball python comes into view.
The gnoll moves out of view.
The gnoll barely misses you. The gnoll closely misses you.
The gnoll hits you with a +0 spear. The gnoll barely misses you. x2
You closely miss the gnoll. You hit the ball python.
You kill the ball python!
Trog accepts your kill.
The gnoll hits you from afar with a +0 halberd.
The gnoll hits you with a +0 spear!
The gnoll hits you from afar with a +0 halberd!
The gnoll hits you but does no damage.
You hit the gnoll but do no damage. You hit the gnoll.
The gnoll completely misses you.
The gnoll hits you from afar with a +0 halberd!
The gnoll hits you with a +0 spear. The gnoll hits you with a +0 whip.
You hit the gnoll.
The gnoll is heavily wounded.
You hit the gnoll. The gnoll barely misses you. x2
The gnoll hits you with a +0 whip. The gnoll closely misses you.
The gnoll hits you with a +0 spear.
* * * LOW HITPOINT WARNING * * *
The gnoll closely misses you.
The gnoll hits you from afar with a +0 spear.
* * * LOW HITPOINT WARNING * * *
The gnoll hits you with a +0 whip.
* * * LOW HITPOINT WARNING * * *
The gnoll hits you from afar with a +0 spear!
You die...

......#.......#
#........#
.#.#........#
#........#
,##.#..##.####
#........# ,
*#.....##.######
########## ,
#.#.##).......#
..... #........#
*
.....###......>.#
................#
#...####$gg@#####
** ........†g..#
, , ........#...#
......#.###.#
......... .#*
....#.... . ,
....####., .. *
..., ## .. , * *


You could see 3 gnolls.

Vanquished Creatures
  A gnoll (D:3)
  2 adders (D:2)
  A worm (D:2)
  An orc (D:3)
  3 ball pythons
  4 bats
  4 endoplasms
  6 giant cockroaches
  3 goblins
  6 hobgoblins
  8 jackals (D:1)
  6 kobolds
  3 quokkas
  A frilled lizard (D:2)
  3 rats
52 creatures vanquished.

Notes
Turn   | Place    | Note
-------+----------+-------------------------------------------
     0 | D:1      | Dreadrock the Deep Dwarf Berserker began the quest for the
                  | Orb.
     0 | D:1      | Reached XP level 1. HP: 20/20 MP: 1/1
    38 | D:1      | Reached XP level 2. HP: 16/27 MP: 2/2
   140 | D:1      | Reached skill level 1 in Shields
   304 | D:1      | Reached XP level 3. HP: 24/33 MP: 3/3
   415 | D:1      | Reached ** piety under Trog
   510 | D:2      | Reached skill level 4 in Axes
   532 | D:2      | Found Onotong's Assorted Antiques.
   577 | D:2      | Found Suubames's Jewellery Shop.
   599 | D:2      | Found Ramiloh's Antique Weapon Boutique.
   788 | D:2      | Found Ysouj's Armour Shop.
   834 | D:2      | Reached XP level 4. HP: 40/42 MP: 3/3
  1219 | D:2      | Found Anik's Armour Boutique.
  1555 | D:3      | Found a glowing drain.
  1641 | D:3      | Slain by a gnoll

Illustrated notes

Levels and vault maps discovered:
D:1:      wander_arrival_desolate, layout_rooms, minmay_misc_feat_room
D:2:      layout_basic, serial_shops, nicolae_shop_waterfront, shop, shop, shop,
          shop
D:3:      layout_rooms, lemuel_crystal_altar,
          nicolae_ru_great_annihilating_truth, lemuel_coloured_pillars_altar,
          gup_sewer_entry_glass

Skill      XL: |  1  2  3 |
---------------+----------+-----
Shields        | 1 |  1.8
Fighting       | 3 |  3.2
Axes           | 4 |  4.3
Armour         | |  2.9
Dodging        | |  2.1

Action                   |  1- 3 |  4- 6 || total
-------------------------+-------+-------++-------
Melee: Hand axe          |   119 |    38 ||   157
Invok: Berserk           |       |     1 ||     1
 Abil: Heal Wounds       |     3 |     2 ||     5
Armor: Animal skin       |     9 |       ||     9
       Ring mail         |    33 |     9 ||    42
Dodge: Dodged            |   103 |    28 ||   131
